 Dungeon Crawl Stone Soup version 0.30-a0-451-ge042605de7 (webtiles) character file.

Game seed: 14127168914651828670

1678011 tilp the Black Sun (level 25, 157/210 (213) HPs)
             Began as a Mummy Necromancer on Dec 10, 2022.
             Was a High Priest of Kikubaaqudgha.
             Escaped with the Orb
             ... and 3 runes on Dec 11, 2022!
             The game lasted 03:44:14 (65622 turns).

tilp the Black Sun (Mummy Necromancer)             Turns: 65622, Time: 03:44:15

HP:   157/210 (213) AC: 18    Str: 15      XL:     25   Next: 34%
MP:   39/42         EV: 19    Int: 26 (30) God:    Kikubaaqudgha [*****.]
Gold: 5861          SH: 18    Dex: 19 (22) Spells: 4/54 levels left

rFire   + . .      SeeInvis +    a - +9 demon whip (flame)
rCold   + + .      Faith    +    u - +5 kite shield {reflect}
rNeg    + + +      Spirit   .    f - +3 leather armour "Hirugran" {Int+3 Slay+2}
rPois   ∞          Reflect  +    y - +2 helmet {Int+3}
rElec   .          Harm     .    t - scarf {rC+ rF+}
rCorr   .          Rampage  .    W - +2 pair of gloves of the Pleiades {Dex+4}
Will    +++..                    q - +2 pair of boots of the Hall of Blades {+Inv Regen+ Str+4}
Stlth   +.........               h - amulet of magic regeneration
HPRegen 1.35/turn                L - ring of Amorality {Dex+3 Slay+4 SInv}
MPRegen 0.68/turn                s - ring of protection from fire

@: lightly drained
A: cold resistance 1, negative energy resistance 3, torment resistance 2, heat
vulnerability 1, in touch with death 2, no potions, faith
0: Orb of Zot
}: 3/15 runes: decaying, silver, gossamer
a: Renounce Religion, Evoke Invisibility, Unearth Wretches, Torment


You escaped.
You worshipped Kikubaaqudgha.
Kikubaaqudgha was extremely pleased with you.
You visited 11 branches of the dungeon, and saw 51 of its levels.
You also visited: Bailey, Ice Cave and Wizlab.

You collected 8725 gold pieces.
You spent 2864 gold pieces at shops.

Inventory:

Hand Weapons
 a - a +9 demon whip of flaming (weapon)
 b - a +5 eveningstar of holy wrath
 X - the +7 war axe "Dokyont" {freeze, rF+ MP+9 Dex+2}
   (You took it off an orc warrior on level 5 of the Vaults)

   It freezes those it strikes, dealing additional cold damage.
   It can also slow down cold-blooded creatures.
   Dex:       It affects your dexterity (+2).
   rF:        It protects you from fire.
   MP:        It affects your magic capacity (+9).
Missiles
 e - 22 curare-tipped darts
 g - 4 throwing nets
 n - 7 javelins
 p - 55 boomerangs (quivered)
 A - 5 silver boomerangs
 B - 21 atropa-tipped darts
 M - 4 silver javelins
Armour
 f - the +3 leather armour "Hirugran" (worn) {Int+3 Slay+2}
   (You took it off a deep elf death mage on level 3 of the Elven Halls)

   Int:       It affects your intelligence (+3).
   Slay:      It affects your accuracy & damage with ranged weapons and melee
   (+2).
 q - the +2 pair of boots of the Hall of Blades (worn) {+Inv Regen+ Str+4}
   (You found it on level 4 of the Dungeon)

   Str:       It affects your strength (+4).
   +Inv:      It lets you turn invisible.
   Regen:     It increases your rate of health regeneration.
 t - a scarf of resistance (worn)
 u - a +5 kite shield of reflection (worn)
 w - the +5 robe of Night {Dark Will+ SInv}
   (You found it on level 5 of the Vaults)

   It shrouds the wearer in darkness, reducing the range at which they can see
   and be seen by others.
   SInv:      It lets you see invisible.
   Will:      It increases your willpower.
 y - a +2 helmet of intelligence (worn)
 T - the +2 robe "Faaq" {rElec rC+ Will+}
   (You bought it in a shop on level 2 of the Vaults)

   rC:        It protects you from cold.
   rElec:     It insulates you from electricity.
   Will:      It increases your willpower.
 W - the +2 pair of gloves of the Pleiades (worn) {Dex+4}
   (You found it on level 4 of the Vaults)

   Dex:       It affects your dexterity (+4).
Magical Staves
 E - a staff of death
Jewellery
 h - an amulet of magic regeneration (around neck)
 r - the ring of Curiosity {rElec Str+2 Int+6}
   (You found it on level 3 of the Crypt)

   [ring of intelligence]

   Str:       It affects your strength (+2).
   Int:       It affects your intelligence (+6).
   rElec:     It insulates you from electricity.
 s - a ring of protection from fire (right hand)
 D - an amulet of regeneration
 H - a +4 ring of protection
 L - the ring of Amorality (left hand) {Dex+3 Slay+4 SInv}
   (You found it on level 7 of the Dungeon)

   [ring of slaying]

   Dex:       It affects your dexterity (+3).
   Slay:      It affects your accuracy & damage with ranged weapons and melee
   (+4).
   SInv:      It lets you see invisible.
 Q - a ring of willpower
 Y - a ring of protection from fire
Wands
 k - a wand of polymorph (27)
 l - a wand of roots (15)
 z - a wand of charming (42)
 I - a wand of mindburst (37)
 J - a wand of digging (20)
 N - a wand of quicksilver (14)
 V - a wand of flame (41)
Scrolls
 i - 20 scrolls of teleportation
 j - a scroll of torment
 o - a scroll of magic mapping
 x - 4 scrolls of immolation
 F - 8 scrolls of vulnerability
 G - 5 scrolls of enchant armour
 K - 6 scrolls of butterflies
 R - a scroll of silence
 S - 8 scrolls of fear
 Z - 10 scrolls of poison
Miscellaneous
 c - a phial of floods
 d - a tin of tremorstones (2/2)
 v - a condenser vane
 C - a box of beasts
 O - a phantom mirror
 U - a lightning rod (4/4)


   Skills:
 + Level 20.9 Fighting
 - Level 8.0(10.6) Axes
 - Level 10.9(12.0) Maces & Flails
 - Level 6.0 Throwing
 + Level 11.5 Armour
 + Level 13.2 Dodging
 - Level 4.0 Stealth
 - Level 13.0 Shields
 - Level 15.0 Spellcasting
 - Level 8.0 Hexes
 - Level 10.0 Summonings
 + Level 21.8 Necromancy
 - Level 4.0 Translocations
 - Level 6.0 Ice Magic
 - Level 6.0 Earth Magic
 - Level 12.0 Evocations


You had 4 spell levels left.
You knew the following spells:

 Your Spells              Type           Power      Damage    Failure   Level
a - Dispel Undead         Necr           100%       3d31      0%          4
b - Vampiric Draining     Necr           100%       2d13      0%          3
c - Animate Dead          Necr           100%       N/A       0%          4
d - Anguish               Hex/Necr       60%        N/A       1%          4
e - Borgnjor's Vile Clut  Necr/Erth      59%        N/A       1%          5
f - Haunt                 Necr/Summ      62%        N/A       8%          7
g - Infestation           Necr           70%        N/A       5%          8
h - Death Channel         Necr           70%        N/A       1%          6
i - Simulacrum            Ice/Necr       59%        N/A       3%          6
j - Blink                 Tloc           80%        N/A       1%          2
k - Slow                  Hex            100%       N/A       1%          1

Your spell library contained the following spells:

 Spells                   Type           Power      Damage    Failure   Level
 Necrotise                Necr           100%       1d9       0%          1
 Call Imp                 Summ           64%        N/A       1%          2
 Cigotuvi's Dreadful Rot  Necr/Pois/Air  100%       N/A       1%          2
 Confusing Touch          Hex            57%        N/A       1%          3
 Ozocubu's Armour         Ice            50%        N/A       1%          3
 Summon Guardian Golem    Hex/Summ       60%        N/A       1%          3
 Tukima's Dance           Hex            57%        N/A       1%          3
 Animate Armour           Summ/Erth      100%       N/A       2%          4
 Dazzling Flash           Conj/Hex       80%        N/A       3%          3
 Gell's Gravitas          Tloc           40%        N/A       3%          3
 Inner Flame              Hex/Fire       40%        N/A       3%          3
 Lesser Beckoning         Tloc           80%        N/A       3%          3
 Teleport Other           Tloc           40%        N/A       3%          3
 Momentum Strike          Conj/Tloc      58%        3d9       4%          2
 Hailstorm                Conj/Ice       35%        3d9       5%          3
 Foxfire                  Conj/Fire      76%        2x1d7     6%          1
 Magic Dart               Conj           76%        1d6       6%          1
 Shock                    Conj/Air       76%        1d7       6%          1
 Summon Lightning Spire   Summ/Air       45%        N/A       8%          4
 Vhi's Electric Charge    Tloc/Air       58%        N/A       9%          3
 Poisonous Vapours        Pois/Air       38%        N/A       10%         2
 Scorch                   Fire           38%        2d6       10%         2
 Static Discharge         Conj/Air       38%        2-4/arc   10%         2
 Kindle Blastsparks       Fire/Tloc/Air  52%        2d14      11%         3
 Fulminant Prism          Conj/Hex       20%        3d12      12%         4
 Passage of Golubria      Tloc           40%        N/A       12%         4
 Mephitic Cloud           Conj/Pois/Air  19%        N/A       19%         3
 Swiftness                Air            19%        N/A       19%         3
 Petrify                  Tmut/Erth      35%        N/A       19%         4
 Iskenderun's Mystic Bla  Conj/Tloc      29%        2d7       26%         4
 Airstrike                Air            9%         2d(2-18)  52%         4
 Flame Wave               Conj/Fire      19%        2d7       52%         4
 Sticky Flame             Conj/Fire      19%        2d4       52%         4
 Agony                    Necr           100%       N/A       1%          5
 Summon Mana Viper        Hex/Summ       60%        N/A       4%          5
 Metabolic Englaciation   Hex/Ice        27%        N/A       10%         5
 Lee's Rapid Deconstruct  Erth           25%        3d14*     14%         5
 Summon Cactus Giant      Summ           32%        N/A       16%         6
 Silence                  Hex/Air        20%        N/A       32%         5
 Yara's Violent Unravell  Hex/Tmut       20%        3d9       32%         5
 Summon Hydra             Summ           32%        N/A       65%         7
 Arcjolt                  Conj/Air       9%         1d19      86%         5
 Fireball                 Conj/Fire      9%         3d6       86%         5
 Irradiate                Conj/Tmut      9%         3d14      86%         5
 Lightning Bolt           Conj/Air       9%         1d22      86%         5
 Dispersal                Tloc           20%        N/A       88%         6
 Enfeeble                 Hex            28%        N/A       89%         7
 Ozocubu's Refrigeration  Ice            25%        4d13      99%         7
 Starburst                Conj/Fire      9%         6d5       100%        6
 Orb of Destruction       Conj           9%         9d6       100%        7
 Spellforged Servitor     Conj/Summ      22%        N/A       100%        7
 Lehudib's Crystal Spear  Conj/Erth      17%        10d5      100%        8
 Maxwell's Capacitive Co  Air            9%         ∞         100%        8
 Fire Storm               Conj/Fire      9%         8d3       100%        9
 Sublimation of Blood     Necr           Unusable   N/A       N/A         2
 Wereblood                Tmut           Unusable   N/A       N/A         2
 Ice Form                 Ice/Tmut       Unusable   N/A       N/A         4
 Statue Form              Tmut/Erth      Unusable   N/A       N/A         6

Dungeon Overview and Level Annotations

Branches:
Dungeon (15/15)            Temple (1/1) D:5            Lair (5/5) D:10
  Swamp (4/4) Lair:2       Spider (4/4) Lair:2        Slime (0/5) Lair:4
    Orc (2/2) D:9             Elf (3/3) Orc:2        Vaults (5/5) D:13
  Crypt (3/3) Vaults:3       Tomb (0/3) Crypt:3      Depths (4/4) D:15
    Zot (5/5) Depths:4     Bailey (visited)           IceCv (visited)
 WizLab (visited)

Altars:
Ashenzari
Cheibriados
Dithmenos
Fedhas
Gozag
Hepliaklqana
Kikubaaqudgha
Makhleb
Nemelex Xobeh
Okawaru
Qazlal
Ru
Sif Muna
Trog
Uskayaw
Vehumet
Wu Jian
Xom
Yredelemnul
Jiyva
Lugonu

Shops:
D:4 *   D:10 *   Orc:1 *   Orc:2 :*[(?   Vaults:2 (*[[   Vaults:3 =
Vaults:4 (*   Zot:4 *   Depths:2 !   Depths:3 (*

Portals:
Hell: Depths:1 Depths:2 Depths:3 Depths:4
Abyss: Lair:5 Depths:2 Depths:3
Pandemonium: Depths:2
Ziggurat: Depths:3
Trove: D:13 (show slimy rune of Zot)

Annotations:
Swamp:2 2 transporters, exclusion: orange crystal statue, Frances
Vaults:2 3 runed translucent doors (nasty slimes), Xehocikh's ghost, adept DjFE


Innate Abilities, Weirdness & Mutations

You are immune to poison.
Your flesh is cold resistant. (rC+)
You are immune to negative energy. (rN+++)
You are immune to unholy pain and torment.
You are vulnerable to heat. (rF-)
You are strongly in touch with the powers of death.
You do not drink.
You have a special connection with the divine. (Faith)


Message History

A shadow demon comes into view.
Unknown command.
The shadow demon gestures.
Unknown command.
A demonspawn corrupter comes into view. It is wielding a +0 demon whip.
Unknown command.
Aiming: Dig
Press: ? - help, Shift-Dir - straight line A rock wall.
This square is covered in magical glow.
The rock shatters into small pieces.
Unknown command.
Unknown command.
Casting: Borgnjor's Vile Clutch (mildly dangerous; 1% risk of failure)
Confirm with . or Enter, or press ? or * to list all spells.
Aiming: Borgnjor's Vile Clutch (mildly dangerous; 1% risk of failure)
Press: ? - help, Shift-Dir - straight line, f - demonspawn corrupter
Aim: a demonspawn corrupter, wielding a +0 demon whip and wearing a +0 ring mail (100% to hit)
You feel a strong surge of power!
Zombie hands grab the demonspawn corrupter.
The zombie hands constrict the demonspawn corrupter!
The demonspawn corrupter struggles to escape constriction.
Unknown command.
The zombie hands constrict the demonspawn corrupter!
The demonspawn corrupter struggles to escape constriction.
Unknown command.
The zombie hands constrict the demonspawn corrupter!
The demonspawn corrupter calls down the wrath of Lugonu upon you.
The entropic weave corrodes you!
The shadow demon gestures.
Unknown command.
The zombie hands constrict the demonspawn corrupter!!
The demonspawn corrupter struggles to escape constriction.
The zombie hands lose their grip on something.
Really walk into a travel-excluded area?
Something unseen opens the door.
There is a staircase leading out of the dungeon here.
You are no longer corroded.
The demonspawn corrupter calls forth creatures from the Vaults!
You have escaped!

##.#...§§§.≈.....# #
#######....#6....4...### #####
........#..#.9#...#..# ##....
#######....#9........# ##...##
##.#.#.........# #.....# #
##....#..#...#..# #...... .#
##.###.#.........# #.....#
#.###6## ###.........# ###....##
#.#.## #....@....# #...#.##
###.################## #.###.#
..b2......!# #.#.# #.# #.#
#####.####.####.#.# #.# #)# #
#..6.....##.#.# #.# #.# #
#.##.....##.#.#######.###.# #
#.#.........#.............#
#####.#2......#####....!..##..###
......#.......# #.########.###.


You could see a demonspawn corrupter, 2 war gargoyles and an ice devil.

Vanquished Creatures
  2 dread liches
  5 ancient liches
  2 orbs of fire
  Mara (Spider:3)
  Sojobo (Vaults:5)
  3 Killer Klowns (Zot:5)
  2 curse toes (Crypt:3)
  Xtahua (Crypt:1)
  Head Instructor (WizLab)
  A golden dragon (Zot:5)
  Nikola (Swamp:4)
  2 tentacled monstrosities (Zot:5)
  6 Orb Guardians
  An Ice Fiend (Depths:1)
  3 liches
  A shard shrike skeleton (Crypt:3)
  A deep elf master archer (Elf:3)
  2 deep elf blademasters
  2 quicksilver dragons
  A titan (Vaults:5)
  4 ancient champions
  A death cob (Zot:2)
  3 storm dragons
  5 shadow dragons
  2 tengu reavers (Vaults:5)
  A revenant (Crypt:1)
  Donald (Swamp:2)
  A fenstrider witch (Swamp:4)
  A fire giant (Depths:3)
  4 deep elf sorcerers
  3 emperor scorpions (Spider:4)
  6 ghost moths
  2 frost giants
  An iron dragon (Depths:3)
  4 vault wardens
  A draconian shifter (Zot:4)
  A curse skull (Crypt:3)
  2 draconian annihilators
  A reaper (IceCv)
  4 ghouls
  A broodmother (Spider:4)
  A war gargoyle (Vaults:5)
  8 ironbound preservers
  6 ironbound thunderhulks
  6 very ugly things
  A black draconian (Zot:5)
  9 stone giants
  3 vampire knights
  3 eleionomae
  4 deep elf demonologists
  A dire elephant (Vaults:3)
  2 white draconians (Zot:4)
  A spark wasp (Depths:3)
  4 bunyips
  7 eidola
  10 jiangshi
  3 deep elf death magi
  An entropy weaver (Spider:4)
  4 ettins
  3 great orbs of eyes
  4 fire dragons
  4 deep elf high priests
  5 yaktaur captains
  2 crystal guardians (Vaults:2)
  5 vault guards
  5 spriggan air magi
  A hell beast (Depths:1)
  6 ice dragons
  A jorogumo (Spider:3)
  2 peacekeepers (Vaults:2)
  6 ironbound frosthearts
  The ghost of Notanamesir the Carver, a journeyman DjGl of Wu Jian (D:9)
  3 hydras
  4 boulder beetles
  A spriggan skeleton (Depths:1)
  3 radroaches (Spider:3)
  22 dancing weapons
  2 catoblepae
  3 alligators
  6 centaur warriors
  A deep troll earth mage (Depths:1)
  4 death yaks
  A tengu warrior (D:15)
  2 deep troll shamans (Depths:2)
  A death knight (Crypt:2)
  4 spriggan berserkers
  6 vampire magi
  9 deep elf knights
  3 orc high priests (Orc:2)
  4 sun demons
  3 hell knights
  2 titan zombies
  2 sun moths
  A titan skeleton (Depths:1)
  14 skeletal warriors
  3 iron trolls
  A shadow wraith (Crypt:3)
  A goliath frog (Swamp:3)
  2 sixfirhies
  A death drake (Swamp:4)
  4 spriggan druids
  2 orb spiders
  2 bog bodies (Crypt:1)
  A glowing orange brain (Vaults:4)
  20 deep trolls
  10 phantasmal warriors
  8 deep elf archers
  A lindwurm (Vaults:1)
  3 flayed ghosts
  A swamp dragon (Swamp:4)
  A tengu zombie (D:15)
  An orange crystal statue (Elf:2)
  A harpy (Vaults:1)
  6 ironbound convokers
  13 deep elf zephyrmancers
  4 necromancers
  A shadow dragon zombie (D:15)
  A harpy (shapeshifter) (D:15)
  5 wizards
  12 deep elf pyromancers
  A goliath frog zombie (Crypt:1)
  A cyclops (D:14)
  4 orc sorcerers
  8 wolf spiders
  8 orc knights
  2 frost giant zombies
  5 oklob plants
  An iron dragon zombie (Crypt:1)
  6 ugly things
  2 manticores
  6 moths of wrath
  A black mamba (Lair:2)
  2 centaur zombies
  A dire elephant zombie (Crypt:3)
  Maurice (D:11)
  A stone giant skeleton (D:15)
  5 elephants
  2 torpor snails
  A naga mage (WizLab)
  2 ice statues (IceCv)
  13 vault sentinels
  A centaur skeleton (Crypt:1)
  An iron dragon skeleton (Crypt:3)
  A hellion (D:1)
  An unseen horror (D:15)
  2 rime drakes
  A shock serpent skeleton (Crypt:3)
  A storm dragon simulacrum (Depths:3)
  A demonic crawler (Zot:4)
  An alligator snapping turtle skeleton (Crypt:2)
  2 komodo dragons
  4 cane toads
  3 freezing wraiths
  A nameless horror (Zot:5)
  A steelbarb worm zombie (Crypt:1)
  A kobold demonologist (D:11)
  An orange demon (D:1)
  23 yaktaurs
  2 ancient zymes (Lair:5)
  2 tengu conjurers (Depths:1)
  A grey draconian skeleton (Crypt:2)
  6 ice devils (IceCv)
  A guardian mummy (D:15)
  A red devil (Depths:2)
  5 trolls
  A meliai (Spider:4)
  A polar bear (Lair:3)
  A troll (shapeshifter) (D:15)
  3 hornets
  2 tyrant leeches
  A raiju (WizLab)
  9 tarantellas
  8 dream sheep
  5 blink frogs
  6 jumping spiders
  A tarantella zombie (Crypt:3)
  8 culicivoras
  A fire dragon zombie (Crypt:2)
  25 slime creatures
  9 small abominations (Lair:5)
  4 flying skulls
  2 water elementals
  A shadow (D:11)
  A spriggan (shapeshifter) (Elf:2)
  A dire elephant simulacrum (IceCv)
  6 wraiths
  A spriggan (Swamp:4)
  A vampire (D:12)
  2 ynoxinuls
  2 alligator skeletons
  14 yaks
  2 wyverns
  A wind drake zombie (Crypt:3)
  A fire elemental (Lair:1)
  3 death yak simulacra (IceCv)
  4 golden eyes (D:6)
  A large abomination (Lair:5)
  22 redbacks
  3 chaos spawn
  8 vampire mosquitoes
  4 steam dragons
  A harpy simulacrum (IceCv)
  2 swamp worms
  5 wargs
  3 acid dragons
  13 water moccasins
  A deep troll skeleton (Crypt:3)
  2 glowing shapeshifter skeletons
  A demonspawn skeleton (Crypt:2)
  A naga skeleton (Crypt:1)
  An ice beast (D:7)
  11 orc warriors
  2 swamp drakes
  6 ogres
  2 black bears
  2 wolves
  3 boggarts (Vaults:4)
  16 centaurs
  3 phantoms
  A human zombie (Vaults:1)
  6 kobold brigands
  3 necrophages
  9 bullfrogs
  A salamander zombie (Crypt:2)
  2 earth elementals (Elf:1)
  5 gnoll sergeants
  A scorpion (D:7)
  A two-headed ogre simulacrum (IceCv)
  A cane toad simulacrum (IceCv)
  A warg skeleton (Crypt:2)
  9 killer bees
  2 elephant simulacra (IceCv)
  A yak zombie (Crypt:1)
  7 electric eels (D:11)
  A howler monkey (D:4)
  A crimson imp (D:6)
  A lava snake (Swamp:4)
  4 hounds
  12 orc priests
  3 jellies
  5 iguanas
  20 orc wizards
  A basilisk skeleton (Crypt:3)
  A wolf simulacrum (IceCv)
  4 spriggan simulacra (IceCv)
  A troll simulacrum (IceCv)
  A deep dwarf skeleton (Crypt:1)
  Robin (D:2)
  15 adders
  16 gnolls
  2 naga simulacra (IceCv)
  2 shadow imps (D:6)
  5 white imps
  An adder zombie (Crypt:3)
  A worm (D:4)
  2 dart slugs
  83 orcs
  5 ball pythons
  4 bats
  A bat zombie (D:14)
  7 endoplasms
  2 giant cockroaches
  20 goblins
  10 hobgoblins
  7 jackals
  28 kobolds
  5 quokkas
  A dart slug zombie (Crypt:1)
  6 frilled lizards
  A frilled lizard skeleton (Crypt:2)
  An orc zombie (Crypt:2)
  5 rats
  2 briar patches (Swamp:2)
1128 creatures vanquished.

Vanquished Creatures (collateral kills)
  A dread lich (Depths:2)
  An orb of fire (Zot:5)
  3 ancient liches
  Bai Suzhen (Swamp:2)
  2 Killer Klowns (Zot:5)
  7 golden dragons
  A Tzitzimitl (D:8)
  Arachne (Spider:2)
  5 tentacled monstrosities
  An electric golem (Zot:5)
  2 liches
  A deep elf master archer (Elf:3)
  13 Orb Guardians (Zot:5)
  2 titans (Vaults:5)
  Asterion (Depths:1)
  2 quicksilver dragons
  A death cob (Zot:5)
  Gastronok (Lair:1)
  2 sphinxes
  2 thorn hunters
  4 shadow dragons
  A tengu reaver (WizLab)
  3 storm dragons
  6 fire giants
  5 emperor scorpions
  A cacodemon (D:1)
  5 deep elf sorcerers (Elf:3)
  Louise (Spider:4)
  A balrug (Depths:2)
  2 ghost moths
  An iron dragon (Vaults:5)
  Aizul (Swamp:3)
  2 draconian shifters (Depths:4)
  A deep elf elementalist (Elf:3)
  7 vault wardens
  3 frost giants
  12 ironbound preservers
  2 ironbound thunderhulks
  The ghost of Beajuev the Bludgeoner, a journeyman TrBe of Trog (D:13)
  6 stone giants
  2 broodmothers
  6 very ugly things
  A vampire knight (Crypt:2)
  3 eleionomae
  A green draconian (Depths:4)
  4 white draconians (Zot:2)
  2 bunyips
  A deep elf demonologist (Vaults:5)
  3 deep elf annihilators (Elf:3)
  A purple draconian (Depths:4)
  4 black draconians
  3 dire elephants
  A minotaur (D:13)
  Snorg (Orc:1)
  2 yellow draconians
  7 deep elf death magi
  3 entropy weavers
  A green death (Depths:2)
  2 jiangshi
  4 ettins
  2 deep elf high priests
  A shambling mangrove (Swamp:1)
  9 yaktaur captains
  3 fire dragons
  2 great orbs of eyes
  A rakshasa (Depths:3)
  18 vault guards
  2 ghost crabs
  8 hydras
  A jorogumo (Spider:4)
  A peacekeeper (Vaults:2)
  3 spriggan air magi
  A catoblepas (Lair:1)
  2 ironbound frosthearts
  An ice dragon (Depths:3)
  2 centaur warriors (D:13)
  2 deep troll shamans (Depths:1)
  A dancing weapon (Vaults:5)
  3 death yaks
  3 alligators
  3 spriggan berserkers
  A vampire mage (Depths:2)
  3 deep troll earth magi
  3 thrashing horrors (Lair:5)
  2 deep elf knights
  3 hell knights (Depths:3)
  A soul eater (Depths:2)
  2 pharaoh ants
  A salamander mystic (Depths:2)
  A skeletal warrior (Crypt:3)
  A shadow wraith (Crypt:3)
  2 iron trolls
  Amaemon (Lair:2)
  27 deep trolls
  4 large abominations
  3 goliath frogs
  3 steelbarb worms (Spider:4)
  3 glowing orange brains
  7 harpies (Vaults:1)
  5 phantasmal warriors
  A bog body (Swamp:3)
  5 necromancers
  6 swamp dragons
  11 orb spiders
  7 deep elf pyromancers
  6 ironbound convokers
  4 lindwurms
  3 wizards
  5 orc knights
  5 mana vipers (WizLab)
  A shadow dragon skeleton (Depths:3)
  3 orc sorcerers
  9 wolf spiders
  3 cyclopes
  A will-o-the-wisp (Swamp:2)
  3 deep elf zephyrmancers
  3 salamanders (Depths:2)
  13 ugly things
  4 moths of wrath
  3 elephants
  A manticore (D:13)
  An iron dragon skeleton (Crypt:2)
  A black mamba (Lair:1)
  A sphinx skeleton (Depths:3)
  7 vault sentinels
  A smoke demon (Lair:5)
  A naga mage (WizLab)
  A cane toad (Lair:5)
  A hellion (Depths:1)
  5 demonic crawlers
  4 centaur skeletons (D:13)
  An orange demon (Lair:2)
  4 komodo dragons
  13 yaktaurs
  2 rime drakes
  2 redback zombies
  A komodo dragon (shapeshifter) (Depths:3)
  A catoblepas skeleton (Crypt:1)
  2 meliai (Spider:2)
  10 tyrant leeches
  2 polar bears
  16 tarantellas
  7 hornets
  A troll (D:12)
  A raiju (shapeshifter) (Vaults:5)
  9 blink frogs
  3 dream sheep
  14 slime creatures
  21 culicivoras
  9 spriggans
  22 jumping spiders
  2 ynoxinuls (Lair:5)
  3 water elementals
  2 wraiths
  5 basilisks
  46 redbacks
  5 yaks
  A fire elemental (Lair:5)
  A steam dragon (Swamp:4)
  6 swamp worms
  11 vampire mosquitoes
  2 floating eyes
  5 water moccasins
  9 orc warriors
  5 swamp drakes (Swamp:4)
  A small abomination (Lair:5)
  2 wolves (Lair:2)
  2 centaurs
  5 bullfrogs
  2 necrophages (Crypt:3)
  A scorpion (Depths:1)
  An elf skeleton (Crypt:1)
  8 orc priests
  11 orc wizards
  2 adders (Lair:4)
  A gnoll (D:7)
  12 orcs
  2 bat zombies (D:14)
  A jackal skeleton (Crypt:1)
724 creatures vanquished.

Vanquished Creatures (others)
  Saint Roka (Orc:2)
  3 golden dragons
  4 Orb Guardians (Zot:5)
  2 quicksilver dragons
  2 sphinxes
  4 tengu reavers
  3 fenstrider witches
  5 shadow dragons
  3 fire giants
  7 storm dragons
  2 draconian knights
  3 draconian scorchers (Zot:5)
  3 emperor scorpions
  2 draconian monks
  6 frost giants
  6 deep elf sorcerers
  2 iron dragons
  13 vault wardens
  3 ghost moths
  A deep elf elementalist (Elf:3)
  3 draconian stormcallers
  A demonspawn corrupter (WizLab)
  5 ironbound preservers
  5 orc warlords
  5 very ugly things
  2 broodmothers
  2 stone giants
  2 draconian annihilators
  2 green draconians
  3 ironbound thunderhulks
  2 vampire knights (WizLab)
  6 eleionomae
  3 yellow draconians
  A black draconian (Zot:5)
  2 demonspawn black suns (WizLab)
  2 purple draconians (Zot:5)
  A white draconian (Zot:2)
  2 deep elf annihilators
  3 spark wasps
  3 bunyips (Swamp:2)
  3 dire elephants (Vaults:1)
  2 deep elf death magi
  A very ugly thing zombie (Vaults:5)
  3 deep elf high priests (Elf:3)
  4 ettins
  A great orb of eyes (Vaults:2)
  3 yaktaur captains
  3 entropy weavers
  6 fire dragons
  2 ice dragons
  8 vault guards
  A fenstrider witch zombie (Swamp:4)
  14 hydras
  A rakshasa (D:13)
  An ogre mage (WizLab)
  A catoblepas (D:14)
  3 jorogumos
  5 centaur warriors
  4 boulder beetles
  2 ironbound frosthearts
  4 deep troll shamans
  4 alligators
  A death yak (Lair:5)
  7 deep troll earth magi
  2 tengu warriors
  A naga warrior (Crypt:2)
  2 hell knights (WizLab)
  4 spriggan berserkers
  3 emperor scorpion zombies
  7 deep elf knights
  A storm dragon zombie (Crypt:2)
  A titan zombie (Vaults:5)
  2 shock serpents (shapeshifter)
  A fire crab (Swamp:4)
  2 salamander mystics (WizLab)
  A fire crab (shapeshifter) (D:15)
  A sun moth (Spider:1)
  3 bunyip zombies
  A death drake (Swamp:3)
  A skeletal warrior (D:15)
  3 spark wasp zombies
  2 golden dragon zombies
  8 goliath frogs
  A pharaoh ant (Spider:4)
  A steelbarb worm (Spider:2)
  A spriggan druid (Swamp:3)
  A tengu zombie (Vaults:5)
  4 spriggan riders
  2 ghost moth zombies (Spider:4)
  23 deep trolls
  3 orb spiders
  5 swamp dragons (Swamp:4)
  A deep troll (shapeshifter) (Elf:3)
  8 ironbound convokers
  2 wizards
  A phantasmal warrior (Vaults:5)
  4 lindwurms
  3 shadow dragon zombies
  4 deep elf archers
  2 goliath frog zombies (Swamp:4)
  The ghost of tsouns the Ruffian, a novice TrEn of Lugonu (D:7)
  6 orc knights
  18 deep elf zephyrmancers
  2 harpies
  4 wolf spiders
  2 necromancers
  2 jorogumo zombies (Spider:4)
  5 orc sorcerers
  8 ugly things
  A stone giant zombie (WizLab)
  A faun (shapeshifter) (WizLab)
  16 deep elf pyromancers
  2 mana vipers (WizLab)
  4 cyclopes
  2 frost giant zombies
  19 moths of wrath
  3 wolf spider zombies
  2 shock serpent zombies
  3 centaur zombies
  A demonspawn zombie (WizLab)
  A naga mage (WizLab)
  A black mamba (Lair:5)
  4 elephants
  A water nymph (shapeshifter) (WizLab)
  3 vault sentinels
  3 cane toads
  3 orb spider zombies
  An unseen horror (D:14)
  2 unseen horror zombies
  A catoblepas zombie (D:14)
  A freezing wraith (D:15)
  2 komodo dragons
  3 steelbarb worm zombies
  2 rime drakes (Lair:2)
  An efreet (D:15)
  3 tengu conjurers
  15 yaktaurs
  28 human zombies
  9 redback zombies
  4 mana viper zombies (WizLab)
  6 hydra zombies
  5 harpy zombies
  A hornet (Depths:1)
  5 trolls
  A bloated husk (Swamp:1)
  A meliai (Spider:2)
  8 tyrant leeches
  A demonic crawler zombie (Spider:4)
  2 great orb of eyes zombies
  2 meliai zombies
  4 tarantellas
  A fire dragon zombie (Depths:3)
  2 boulder beetle zombies
  5 culicivora zombies
  11 spriggan zombies
  A slime creature (Vaults:4)
  3 blink frogs
  2 ettin zombies
  8 tarantella zombies
  An alligator zombie (Swamp:2)
  A dream sheep (Lair:4)
  10 jumping spider zombies
  10 jumping spiders
  12 culicivoras
  A ynoxinul (Lair:5)
  A spriggan (Swamp:1)
  4 tyrant leech zombies
  5 basilisks
  A slime creature zombie (Vaults:4)
  5 yaks
  10 redbacks
  A vampire mosquito (Swamp:1)
  A chaos spawn (Lair:5)
  2 steam dragons (Swamp:4)
  5 wargs
  4 swamp worms
  A water nymph zombie (WizLab)
  7 deep troll zombies
  2 entropy weaver zombies
  3 swamp drakes
  A water moccasin (Lair:5)
  41 elf zombies
  A lindwurm zombie (Swamp:4)
  24 orc warriors
  A dream sheep zombie (Lair:4)
  A hornet zombie (Swamp:4)
  4 elephant zombies
  An ice beast (D:14)
  3 wolves
  5 ogres
  5 swamp dragon zombies (Swamp:4)
  A centaur (D:13)
  3 vampire mosquito zombies (Swamp:2)
  A rime drake zombie (Lair:5)
  A komodo dragon zombie (Lair:5)
  3 salamander zombies (Depths:2)
  A kobold brigand (D:15)
  14 yaktaur zombies
  A cyclops zombie (D:14)
  A gnoll sergeant (D:7)
  3 water moccasin zombies
  4 warg zombies
  A polar bear zombie (Lair:4)
  2 raiju zombies
  2 troll zombies
  2 yak zombies (Lair:4)
  2 naga zombies (WizLab)
  An electric eel (Spider:4)
  7 wolf zombies
  A bullfrog zombie (Lair:1)
  3 basilisk zombies
  3 orc priests (Orc:2)
  A gnoll bouda (D:7)
  2 orc wizards
  An ice beast zombie (D:14)
  A kobold zombie (D:15)
  4 ogre zombies
  An adder (D:13)
  2 swamp drake zombies (Swamp:4)
  2 gnolls (D:7)
  A white imp (IceCv)
  An adder zombie (D:13)
  15 orcs
  A bat zombie (D:13)
  A kobold (D:13)
  A bat (D:13)
  A frilled lizard zombie (D:15)
  4 gnoll zombies (D:7)
  40 orc zombies
  8 foxfires (Swamp:2)
  22 fungi
  36 plants
  13 withered plants
974 creatures vanquished.

Grand Total: 2826 creatures vanquished

Notes
Turn   | Place    | Note
-------+----------+-------------------------------------------
     0 | D:1      | tilp the Mummy Necromancer began the quest for the Orb.
     0 | D:1      | Reached XP level 1. HP: 13/13 MP: 4/4
   255 | D:1      | Reached XP level 2. HP: 20/20 MP: 6/6
   433 | D:1      | Reached skill level 1 in Fighting
   991 | D:2      | Gained mutation: You are in touch with the powers of death.
                  | [Mummy growth]
   991 | D:2      | Reached XP level 3. HP: 26/26 MP: 7/7
  1051 | D:2      | Learned a level 3 spell: Vampiric Draining
  1411 | D:2      | Noticed Robin
  1629 | D:2      | Killed Robin
  1634 | D:2      | Reached XP level 4. HP: 29/33 MP: 9/9
  1815 | D:2      | Learned a level 4 spell: Animate Dead
  1843 | D:3      | Identified the +1 leather armour of Context {SInv}
  2085 | D:3      | Found a faded altar of an unknown god.
  2090 | D:3      | Found a broken altar of Ashenzari.
  2771 | D:4      | Noticed a phantom
  2781 | D:4      | Killed a phantom
  2782 | D:4      | Reached XP level 5. HP: 38/39 MP: 11/11
  3038 | D:4      | Noticed a phantom
  3061 | D:4      | Reached XP level 6. HP: 35/47 MP: 3/12
  3081 | D:4      | Reached skill level 5 in Necromancy
  3236 | D:4      | Identified the +2 pair of boots of the Hall of Blades {+Inv
                  | Regen+ Str+4}
  3429 | D:4      | Reached skill level 5 in Spellcasting
  3429 | D:4      | Reached XP level 7. HP: 46/54 MP: 14/14
  3588 | D:4      | Reached skill level 6 in Necromancy
  3680 | D:4      | Found Totz's Fire Supplies.
  3705 | D:4      | Bought a scarf of fire resistance for 132 gold pieces
  3824 | D:5      | Entered Level 5 of the Dungeon
  3824 | D:5      | Found a staircase to the Ecumenical Temple.
  3838 | D:5      | Found a sparkling altar of Nemelex Xobeh.
  3860 | Temple   | Entered the Ecumenical Temple
  4093 | D:5      | Reached skill level 1 in Axes
  4096 | D:5      | Identified the +4 ring mail of Makhleb's Fury {Rampage}
  4198 | D:5      | Reached skill level 1 in Evocations
  4208 | D:5      | Reached XP level 8. HP: 59/61 MP: 9/16
  4213 | D:5      | Reached skill level 1 in Throwing
  4761 | D:6      | Reached skill level 7 in Necromancy
  5147 | D:6      | Reached skill level 5 in Fighting
  5147 | D:6      | Reached XP level 9. HP: 53/68 MP: 11/18
  5293 | D:6      | Found a burning altar of Makhleb.
  5529 | D:6      | Learned a level 2 spell: Cigotuvi's Dreadful Rot
  5575 | D:7      | Found an ancient bone altar of Kikubaaqudgha.
  5577 | D:7      | Found an ornate altar of the Wu Jian Council.
  5577 | D:7      | Found a hide-covered altar of Uskayaw.
  5579 | D:7      | Found a snail-covered altar of Cheibriados.
  5580 | D:7      | Found a shimmering blue altar of Sif Muna.
  5596 | D:7      | Became a worshipper of Kikubaaqudgha
  5819 | D:7      | Found a blossoming altar of Fedhas.
  5858 | D:7      | Identified the +1 trident of Irhan {vamp, rC+ Int+6}
  5858 | D:7      | Identified the +0 ring mail "Sidyhy" {rF+ rCorr}
  5910 | D:7      | Identified the ring of Amorality {Dex+3 Slay+4 SInv}
  5916 | D:7      | Noticed tsouns's ghost (novice TrEn)
  5926 | D:7      | Found a transporter.
  5989 | D:7      | Found a hazy altar of Hepliaklqana.
  6099 | D:7      | Found a transporter.
  6227 | D:7      | Reached skill level 8 in Necromancy
  6379 | D:8      | Found a flagged portal.
  6408 | Bailey   | Entered a bailey
  6442 | Bailey   | Reached * piety under Kikubaaqudgha
  6442 | Bailey   | Received a gift from Kikubaaqudgha
  6581 | Bailey   | Found a bloodstained altar of Trog.
  6742 | D:8      | Found an iron altar of Okawaru.
  7271 | D:9      | Found a staircase to the Orcish Mines.
  7459 | D:9      | Found a runed translucent door.
  7467 | D:9      | Noticed Notanamesir's ghost (journeyman DjGl)
  7574 | D:9      | Reached XP level 10. HP: 70/77 MP: 21/21
  7854 | D:9      | Reached ** piety under Kikubaaqudgha
  8041 | D:10     | Entered Level 10 of the Dungeon
  8057 | D:10     | Found a shimmering altar of Xom.
  8142 | D:10     | Found a sacrificial altar of Ru.
  8142 | D:10     | Found a basalt altar of Yredelemnul.
  8157 | D:10     | Found a staircase to the Lair.
  8339 | D:10     | Found Qaopt's Serpentskin Sales.
  8356 | D:10     | Reached skill level 1 in Shields
  8471 | D:10     | Reached skill level 9 in Necromancy
  8763 | D:10     | Found a shadowy altar of Dithmenos.
  9367 | D:11     | Reached skill level 5 in Dodging
  9607 | D:11     | Reached XP level 11. HP: 83/83 MP: 19/23
  9656 | D:11     | Reached *** piety under Kikubaaqudgha
  9656 | D:11     | Received a gift from Kikubaaqudgha
 10101 | D:11     | Noticed Maurice
 10120 | D:11     | Killed Maurice
 10383 | D:11     | Learned a level 4 spell: Anguish
 10389 | D:11     | Learned a level 5 spell: Borgnjor's Vile Clutch
 10431 | Lair:1   | Entered Level 1 of the Lair of Beasts
 10435 | Lair:1   | Noticed a catoblepas
 10451 | Lair:1   | Killed a catoblepas
 10703 | Lair:1   | Reached skill level 1 in Hexes
 10832 | Lair:1   | Reached skill level 1 in Earth Magic
 10929 | Lair:1   | Reached skill level 5 in Axes
 10954 | Lair:1   | Noticed Gastronok
 11089 | Lair:1   | Noticed a catoblepas
 11101 | Lair:1   | Killed a catoblepas
 11344 | Lair:1   | Killed Gastronok
 11347 | Lair:1   | Reached skill level 10 in Necromancy
 11374 | Lair:1   | Reached XP level 12. HP: 61/91 MP: 2/24
 12053 | Lair:2   | Found a frozen archway.
 12121 | Lair:2   | Learned a level 1 spell: Slow
 12143 | IceCv    | Entered an ice cave
 12167 | IceCv    | Reached **** piety under Kikubaaqudgha
 13539 | IceCv    | Noticed a reaper
 13567 | IceCv    | Killed a reaper
 13800 | Lair:2   | Noticed a five-headed hydra
 13816 | Lair:2   | Killed a six-headed hydra
 13817 | Lair:2   | Reached skill level 5 in Hexes
 13981 | Lair:2   | Noticed Amaemon
 13988 | Lair:2   | Killed Amaemon
 13989 | Lair:2   | Reached skill level 5 in Earth Magic
 14178 | Lair:2   | Noticed a death yak
 14179 | Lair:2   | Noticed a death yak
 14180 | Lair:2   | Noticed a death yak
 14180 | Lair:2   | Noticed a death yak
 14187 | Lair:2   | Killed a death yak
 14199 | Lair:2   | Killed a death yak
 14209 | Lair:1   | Killed a death yak
 14320 | Lair:2   | Killed a death yak
 14472 | Lair:2   | You fall into a shaft and drop 2 floors!
 14660 | Lair:2   | Found a hole to the Spider Nest.
 14756 | Lair:2   | Gained mutation: You are strongly in touch with the powers
                  | of death. [Mummy growth]
 14756 | Lair:2   | Reached XP level 13. HP: 80/99 MP: 18/26
 14877 | Lair:2   | Reached ***** piety under Kikubaaqudgha
 14956 | Lair:2   | Identified the -1 cloak "Otript" {Str+3 Stlth+}
 15436 | Lair:2   | Found a staircase to the Swamp.
 15645 | Lair:2   | Learned a level 6 spell: Death Channel
 15960 | Lair:3   | Found a transporter.
 15961 | Lair:3   | Found a transporter.
 16679 | Lair:4   | Reached skill level 11 in Necromancy
 16916 | Lair:4   | Reached skill level 5 in Throwing
 16949 | Lair:4   | Reached skill level 5 in Evocations
 17140 | Lair:4   | Reached skill level 10 in Spellcasting
 17551 | Lair:4   | Found a staircase to the Slime Pits.
 17848 | Lair:4   | Found a viscous altar of Jiyva.
 17896 | Lair:4   | Upgraded the game from 0.30-a0-424-g7412bad402 to
                  | 0.30-a0-439-g9e77e4d916
 17951 | Lair:5   | Entered Level 5 of the Lair of Beasts
 18757 | Lair:5   | Reached skill level 12 in Necromancy
 18760 | Lair:5   | Reached XP level 14. HP: 108/108 MP: 3/28
 19264 | Lair:5   | Reached skill level 10 in Fighting
 19582 | Lair:5   | Found a corrupted altar of Lugonu.
 19582 | Lair:5   | Found a one-way gate to the infinite horrors of the Abyss.
 19900 | Orc:1    | Entered Level 1 of the Orcish Mines
 19908 | Orc:1    | Noticed an orc warlord
 19916 | Orc:1    | Reached skill level 1 in Armour
 19916 | Orc:1    | Killed an orc warlord
 20382 | Orc:2    | Entered Level 2 of the Orcish Mines
 20423 | Orc:2    | Noticed an orc warlord
 20570 | Orc:2    | Noticed Saint Roka
 20577 | Orc:2    | Killed Saint Roka
 20916 | Orc:2    | Found a staircase to the Elven Halls.
 21132 | Orc:2    | Found Nakh's Magic Scroll Shop.
 21160 | Orc:2    | Reached ****** piety under Kikubaaqudgha
 21165 | Orc:2    | Killed an orc warlord
 21177 | Orc:2    | Your ally Saint Roka died
 21343 | Orc:2    | Paralysed by an orc sorcerer for 2 turns
 21667 | Orc:2    | Found Uzivi's Antique Armour Boutique.
 21668 | Orc:2    | Found Pekhlewn's Antique Weapon Shop.
 21670 | Orc:2    | Found Akubievu's General Store.
 21670 | Orc:2    | Found Xaethrokh's Book Boutique.
 21748 | Orc:2    | Bought a pair of runed gloves for 202 gold pieces
 21784 | Orc:2    | Bought a scroll of brand weapon for 142 gold pieces
 21784 | Orc:2    | Bought a scroll of fear for 60 gold pieces
 21809 | Orc:1    | Noticed Snorg
 21826 | Orc:1    | Killed Snorg
 21940 | Orc:1    | Found Plog's Assorted Antiques.
 21949 | Orc:1    | Bought a scroll labelled YNAOMA XIONUE for 32 gold pieces
 22825 | D:12     | Got the Writings on Friendly Blasts
 23255 | D:12     | Received a gift from Kikubaaqudgha
 23293 | D:13     | Reached skill level 13 in Necromancy
 23294 | D:13     | Reached XP level 15. HP: 47/117 MP: 4/30
 23431 | D:13     | Found a runed translucent gate.
 23433 | D:13     | Found a runed translucent gate.
 23433 | D:13     | Found a runed translucent gate.
 23446 | D:13     | Noticed Beajuev's ghost (journeyman TrBe)
 24103 | D:13     | Found a gate to the Vaults.
 24174 | D:13     | Found a portal to a secret trove of treasure.
 25408 | D:14     | Found an ancient bone altar of Kikubaaqudgha.
 25750 | D:15     | Entered Level 15 of the Dungeon
 25940 | D:15     | Identified the ring "Hooduuk" {Ice Str+2 Int+2}
 26398 | D:7      | Killed tsouns's ghost
 26561 | D:7      | Learned a level 6 spell: Simulacrum
 26754 | Spider:1 | Entered Level 1 of the Spider Nest
 26782 | Spider:1 | Noticed an emperor scorpion
 26787 | Spider:1 | Killed an emperor scorpion
 26941 | Spider:1 | Reached skill level 14 in Necromancy
 27019 | Spider:1 | Reached skill level 1 in Ice Magic
 27878 | Spider:1 | Reached XP level 16. HP: 126/126 MP: 4/32
 29066 | Spider:2 | Reached skill level 15 in Necromancy
 29069 | Spider:2 | Noticed Arachne
 29071 | Spider:2 | Reached skill level 5 in Armour
 29080 | Spider:2 | Killed Arachne
 29837 | Spider:3 | Reached skill level 16 in Necromancy
 29883 | Spider:3 | HP: 5/127 [disintegration (41)]
 30173 | Spider:3 | Noticed Mara
 30179 | Spider:3 | Noticed tilp's illusion
 30181 | Spider:3 | Killed Mara
 30932 | Spider:3 | Reached skill level 17 in Necromancy
 31255 | Spider:3 | Learned a level 7 spell: Haunt
 31294 | Spider:4 | Entered Level 4 of the Spider Nest
 31300 | Spider:4 | Identified the +5 tower shield "Zuzi Suf" {Fly rElec Str-2}
 31300 | Spider:4 | Noticed Louise
 31306 | Spider:4 | Killed Louise
 31339 | Spider:4 | Reached skill level 1 in Summonings
 31365 | Spider:4 | Reached XP level 17. HP: 125/127 MP: 4/34
 31899 | Spider:4 | Your ally Louise died
 32305 | Spider:4 | Reached skill level 18 in Necromancy
 32305 | Spider:4 | Reached skill level 5 in Ice Magic
 32458 | Spider:4 | Got a gossamer rune of Zot
 33021 | D:9      | Killed Notanamesir's ghost
 33334 | D:10     | Bought 4 curare-tipped darts for 38 gold pieces
 33419 | Swamp:1  | Entered Level 1 of the Swamp
 34245 | Swamp:2  | You are sucked into a shaft and drop 1 floor!
 34314 | Swamp:2  | Noticed Donald
 34334 | Swamp:2  | Killed Donald
 34538 | Swamp:2  | Noticed Frances
 34542 | Swamp:2  | Noticed a tentacled monstrosity
 34543 | Swamp:2  | Noticed a tentacled monstrosity
 34544 | Swamp:2  | Found a transporter.
 34560 | Swamp:2  | Noticed a tentacled monstrosity
 34564 | Swamp:2  | Found a transporter.
 34606 | Swamp:2  | Your ally Donald died
 35156 | Swamp:3  | Noticed Aizul
 35165 | Swamp:3  | Killed Aizul
 35188 | Swamp:3  | Noticed Bai Suzhen
 35201 | Swamp:2  | Killed Bai Suzhen
 36031 | Swamp:4  | Entered Level 4 of the Swamp
 36094 | Swamp:4  | Reached XP level 18. HP: 131/147 MP: 5/35
 36418 | Swamp:4  | Reached skill level 5 in Summonings
 36593 | Swamp:4  | Reached skill level 15 in Fighting
 36695 | Swamp:4  | Noticed Nikola
 36708 | Swamp:4  | Killed Nikola
 37014 | Swamp:4  | Got a decaying rune of Zot
 37883 | D:15     | Found a staircase to the Depths.
 39308 | D:15     | Found a sacrificial altar of Ru.
 39575 | Orc:2    | Bought a manual of Shields for 1360 gold pieces
 39754 | Vaults:1 | Entered Level 1 of the Vaults
 39930 | Vaults:1 | Found a magical portal.
 39941 | WizLab   | Entered Yara's Duelist Academy
 40031 | WizLab   | Reached skill level 5 in Shields
 40296 | WizLab   | Noticed Desivis
 40495 | WizLab   | Killed Desivis the Head Instructor
 40860 | WizLab   | Your ally Desivis died
 41018 | WizLab   | Learned a level 2 spell: Blink
 41665 | Vaults:1 | Reached skill level 1 in Translocations
 41683 | Vaults:1 | Reached XP level 19. HP: 41/155 MP: 4/36
 42654 | Vaults:2 | Reached skill level 19 in Necromancy
 43478 | Vaults:2 | Found an opulent altar of Gozag.
 43478 | Vaults:2 | Found Gozag's Antique Armour Shop.
 43480 | Vaults:2 | Found Gozag's Assorted Antiques.
 43482 | Vaults:2 | Found Gozag's Antique Armour Boutique.
 43596 | Vaults:2 | Bought a smoking robe for 570 gold pieces
 43596 | Vaults:2 | Identified the +2 robe "Faaq" {rElec rC+ Will+} (You bought
                  | it in a shop on level 2 of the Vaults)
 43982 | Vaults:2 | Found a runed translucent gate.
 43983 | Vaults:2 | Found a runed translucent gate.
 43984 | Vaults:2 | Found a runed translucent gate.
 44290 | Vaults:2 | Found Muysashrash's Weapon Boutique.
 44519 | Vaults:2 | Noticed Xehocikh's ghost (adept DjFE)
 44622 | Vaults:2 | Found a viscous altar of Jiyva.
 44818 | Vaults:3 | Identified the +4 ring mail "Kattysao" {Str+4 Slay+2}
 45091 | Vaults:3 | Reached XP level 20. HP: 63/164 MP: 29/38
 45285 | Vaults:3 | Reached skill level 10 in Shields
 45593 | Vaults:3 | Found a staircase to the Crypt.
 45593 | Vaults:3 | Found a basalt altar of Yredelemnul.
 45594 | Vaults:3 | Found an ancient bone altar of Kikubaaqudgha.
 46139 | Vaults:3 | Found Douz's Jewellery Emporium.
 46229 | Vaults:3 | Learned a level 8 spell: Infestation
 46238 | Vaults:4 | Found Seugic's General Store.
 46241 | Vaults:4 | Bought a scroll of magic mapping for 142 gold pieces
 46241 | Vaults:4 | Bought a scroll of silence for 180 gold pieces
 46948 | Vaults:4 | Found Pilas's Weapon Emporium.
 46973 | Vaults:4 | Reached skill level 15 in Spellcasting
 47170 | Vaults:4 | Identified the +2 pair of gloves of the Pleiades {Dex+4}
 47212 | Vaults:4 | Reached skill level 20 in Necromancy
 47496 | Vaults:4 | Noticed an ancient lich
 47831 | Vaults:4 | Reached skill level 10 in Dodging
 47834 | Vaults:4 | Reached skill level 10 in Evocations
 48339 | D:13     | Killed Beajuev's ghost
 48585 | Elf:1    | Entered Level 1 of the Elven Halls
 49568 | Elf:1    | Reached XP level 21. HP: 173/174 MP: 30/40
 49583 | Elf:1    | Upgraded the game from 0.30-a0-439-g9e77e4d916 to
                  | 0.30-a0-451-ge042605de7
 49778 | Elf:2    | Found a huge runed translucent gate.
 49778 | Elf:2    | Found a huge runed translucent gate.
 49778 | Elf:2    | Found a huge runed translucent gate.
 49784 | Elf:2    | Found a huge runed translucent gate.
 49784 | Elf:2    | Found a huge runed translucent gate.
 50008 | Elf:2    | Found a runed translucent door.
 50510 | Elf:3    | Entered Level 3 of the Elven Halls
 50517 | Elf:3    | Identified a scroll of acquirement
 50517 | Elf:3    | Acquired 831 gold pieces
 50725 | Elf:3    | Found a radiant altar of Vehumet.
 51236 | Elf:3    | Identified the +10 long sword of the Walnut {speed, Int+3}
 51272 | Elf:3    | Reached skill level 1 in Maces & Flails
 51500 | Elf:3    | Identified the +5 war axe of Ash {distort, rC+}
 51501 | Elf:3    | Identified the +3 leather armour "Hirugran" {Int+3 Slay+2}
 51511 | Elf:3    | Identified the +3 plate armour of the End {Stlth+}
 51565 | Elf:3    | Got the Atlas of the Earthen Barrage
 51610 | Elf:3    | Found the +27 heavy crossbow "Sniper" {vorpal, Acc+∞ SInv}
 51614 | Elf:3    | Identified the +8 war axe of Modesty {vorpal, *Slow rN+
                  | Str+4}
 51717 | Elf:3    | Learned a level 4 spell: Dispel Undead
 51807 | Elf:3    | Identified the +1 leather armour of Ublewky {+Inv SInv}
 52260 | Crypt:1  | Entered Level 1 of the Crypt
 52377 | Crypt:1  | Noticed Xtahua
 52387 | Crypt:1  | Killed Xtahua
 53884 | Crypt:3  | Entered Level 3 of the Crypt
 54070 | Crypt:3  | Found a staircase to the Tomb.
 54507 | Crypt:3  | Reached XP level 22. HP: 155/185 MP: 33/41
 54545 | Crypt:3  | Found the +3 pair of mountain boots {steadfast, rC+}
 54579 | Crypt:3  | Noticed a curse toe
 54579 | Crypt:3  | Noticed a curse toe
 54604 | Crypt:3  | Killed a curse toe
 54609 | Crypt:3  | Killed a curse toe
 54687 | Crypt:3  | Reached skill level 5 in Maces & Flails
 54862 | Crypt:3  | Noticed a dread lich
 54869 | Crypt:3  | Killed a dread lich
 54885 | Crypt:3  | Identified the +1 robe of Cheibriados's Wrath {*Corrode
                  | rElec rC+ Dex+5}
 54888 | Crypt:3  | Identified the ring of Curiosity {rElec Str+2 Int+6}
 54892 | Crypt:3  | Identified the +1 chain mail of Muttered Phrases {rPois
                  | Will- Regen+ Slay+5}
 54900 | Crypt:3  | Identified the +1 spear of the Onslaught {vorpal, rPois
                  | Dex+5}
 56561 | Depths:1 | Entered Level 1 of the Depths
 56818 | Depths:1 | Noticed Asterion
 56826 | Depths:1 | Killed Asterion
 57001 | Depths:1 | Found a runed translucent gate.
 57002 | Depths:1 | Found a runed translucent gate.
 57006 | Depths:1 | Found a runed translucent gate.
 57276 | Depths:1 | Found a gateway to Hell.
 57483 | Depths:2 | Noticed a dread lich
 57485 | Depths:2 | Noticed an ancient lich
 57511 | Depths:2 | Killed an ancient lich
 57515 | Depths:2 | Killed a dread lich
 57946 | Depths:2 | Found Ipohel's Distillery.
 58099 | Depths:2 | Found a one-way gate leading to the halls of Pandemonium.
 58191 | Depths:2 | Identified the +2 leather armour of the Teacher {-Cast rN+
                  | Stlth+}
 58391 | Depths:2 | Found the +6 Majin-Bo {vamp, MP+6 Int+6}
 58754 | Depths:3 | Found Sinor's Weapon Emporium.
 59048 | Depths:3 | Found a one-way gateway to a ziggurat.
 59105 | Depths:3 | Reached XP level 23. HP: 192/192 MP: 31/42
 59446 | Depths:3 | Found Jidu's General Store.
 59571 | Depths:4 | Entered Level 4 of the Depths
 60154 | Depths:4 | Reached skill level 10 in Summonings
 60329 | Depths:4 | Reached skill level 21 in Necromancy
 60338 | Depths:4 | Found a gate to the Realm of Zot.
 60882 | Vaults:5 | Entered Level 5 of the Vaults
 60909 | Vaults:5 | Noticed an ancient lich
 60937 | Vaults:5 | Killed an ancient lich
 60939 | Vaults:5 | Identified the +7 war axe "Dokyont" {freeze, rF+ MP+9
                  | Dex+2}
 61193 | Vaults:5 | Reached skill level 10 in Maces & Flails
 61251 | Vaults:5 | Identified the ring "Eramum" {rN+ SInv}
 61296 | Vaults:5 | Noticed Sojobo
 61304 | Vaults:5 | Paralysed by an air elemental for 1 turns
 61308 | Vaults:5 | Paralysed by an air elemental for 1 turns
 61546 | Vaults:5 | Reached XP level 24. HP: 136/189 MP: 33/42
 61559 | Vaults:5 | Found the +5 robe of Night {Dark Will+ SInv}
 61574 | Vaults:5 | Got a silver rune of Zot
 61602 | Vaults:5 | Identified the ring of Pantheism {Ice Int+3 SInv}
 61838 | Vaults:5 | Killed Sojobo
 62912 | Zot:1    | Entered Level 1 of the Realm of Zot
 63277 | Zot:4    | Reached skill level 10 in Armour
 63323 | Zot:5    | Entered Level 5 of the Realm of Zot
 63366 | Zot:5    | Noticed a Killer Klown
 63374 | Zot:5    | Killed a Killer Klown
 63509 | Zot:5    | Noticed a Killer Klown
 63516 | Zot:5    | Killed a Killer Klown
 63729 | Zot:5    | Noticed an ancient lich
 63736 | Zot:5    | Killed an ancient lich
 63742 | Zot:5    | Noticed an ancient lich
 63781 | Zot:5    | Killed an ancient lich
 63848 | Zot:5    | Noticed an ancient lich
 63854 | Zot:5    | Killed an ancient lich
 63896 | Zot:5    | Noticed a Killer Klown
 63899 | Zot:5    | Noticed an orb of fire
 63905 | Zot:5    | Noticed a dread lich
 63908 | Zot:5    | Noticed an ancient lich
 63914 | Zot:5    | Killed a dread lich
 63915 | Zot:5    | Killed an ancient lich
 63916 | Zot:5    | Noticed a Killer Klown
 63924 | Zot:5    | Noticed an orb of fire
 63990 | Zot:5    | Killed an orb of fire
 64063 | Zot:5    | Noticed an ancient lich
 64069 | Zot:5    | Killed a Killer Klown
 64070 | Zot:5    | Killed a Killer Klown
 64073 | Zot:5    | Killed an ancient lich
 64114 | Zot:5    | Noticed a Killer Klown
 64115 | Zot:5    | Noticed an orb of fire
 64115 | Zot:5    | Noticed an orb of fire
 64254 | Zot:5    | Killed a Killer Klown
 64255 | Zot:5    | Reached XP level 25. HP: 165/212 MP: 11/42
 64265 | Zot:4    | Killed an orb of fire
 64361 | Zot:4    | Found Guporiud's CLEARANCE SALE!.
 64370 | Zot:4    | Bought a scroll of teleportation for 6 gold pieces
 64427 | Zot:5    | Noticed an orb of fire
 64824 | Zot:5    | Noticed an ancient lich
 64833 | Zot:5    | Killed an ancient lich
 64854 | Zot:5    | Killed an orb of fire
 64934 | Zot:5    | Got the Orb of Zot
 65395 | D:7      | Noticed Tuyple the pandemonium lord
 65622 | D:$      | Escaped with the Orb!

Illustrated notes

Levels and vault maps discovered:
D:1:      shiori_arrival_oz, layout_loops_ring, nicolae_titane
D:2:      layout_basic, uniq_robin
D:3:      layout_loops_ring, nicolae_overflow_ecumenical_swirl,
          minmay_misc_feat_five
D:4:      layout_basic, corexii_shack, grunt_decor_mini_mirrors,
          palyth_stone_intersect, nicolae_shop_fire_sale
          [nicolae_sub_dead_trees], serial_park_tiny_1, minmay_joined_circles
D:5:      layout_rooms, nemelex_xobeh_ov_fountains_minmay,
          minmay_temple_entry_offerings, minmay_misc_feat_four_crosses,
          corexii_item_surrounded_by_moat
D:6:      layout_cave_pods, makhleb_grotto_becter
D:7:      layout_loops_ring, fedhas_altar_fruit_tree,
          grunt_temple_overflow_open, mainiacjoe_overflow_cross_hatched,
          gammafunk_ghost_gnarly_gnolls
D:8:      layout_basic, okawaru_ov_weapons_minmay, enter_bailey_5
D:9:      layout_gridville, orc_0_dummy, hellmonk_ghost_happy_afterlife,
          st_stairs_8
D:10:     layout_roguey, nicolae_overflow_crystal_walls, xom_teletrap_fun,
          chequers_temple_overflow_statue_of_worship, erik_lair_orcish_takeover,
          guppyfry_shop_venom
D:11:     layout_basic, lightli_orcish_oven, uniq_maurice
D:12:     layout_small_grid
D:13:     minmay_diamond_stairs, layout_rooms,
          hangedman_vaults_entry_quadrant_bands, trove_entry_hex_spiral,
          maelrawn_ghost_gauntlet_escape
D:14:     layout_gridville, minmay_staircase_windowed_small, nrook_mini_vaults,
          lemuel_zombie_altar_kikubaaqudgha
D:15:     gammafunk_depths_entry_grave, layout_loops_corners,
          nicolae_ru_the_path_less_chosen
Temple:   hellmonk_temple_flake
Lair:1:   layout_gridlike, grunt_megastairs_4, uniq_gastronok
Lair:2:   layout_cellular_growth, palyth_hydra_swamp_entry,
          spider_nest_entry_web_field, portal_ice_cave_rime,
          hibernation_bobbens, uniq_amaemon
Lair:3:   gammafunk_boulding_lane, layout_cellular_growth,
          infiniplex_staircase_pool, grunt_megastairs_5
Lair:4:   layout_regular_city, minmay_slime_entry_oklob_open,
          cheibrodos_lair_reptile_den
Lair:5:   hellmonk_lair_end_abyssal_woods, layout_gridlike
Swamp:1:  layout_basic_swamp, evilmike_swamp_ruin_rubble_1, swamp_pool3
Swamp:2:  gammafunk_sealed_arena, layout_basic_swamp, serial_swamp_ruin,
          evilmike_swamp_ruin_house_1, evilmike_swamp_ruin_house_3,
          uniq_frances, uniq_donald
Swamp:3:  layout_basic_swamp, evilmike_swamp_ruin_house_4,
          nicolae_swamp_feature_on_the_river_bank, uniq_bai_suzhen, uniq_aizul
Swamp:4:  swamp_fiery, layout_basic_swamp, swamp_pool3, uniq_nikola
Spider:1: spider_temple_joshua
Spider:2: layout_spider_delve, guppyfry_spider_mini_2, uniq_arachne
Spider:3: layout_spider_delve, nicolae_spider_cling_halls, uniq_mara
Spider:4: grunt_spider_rune_circles, uniq_louise
Orc:1:    layout_caves, basic_altar, serial_shops, shop, minmay_orc_barracks,
          uniq_snorg
Orc:2:    st_orc_congregation, layout_caves, serial_shops,
          nicolae_lakefront_shop, mines3_lemuel, uniq_saint_roka
Elf:1:    nicolae_elf_arrival_no_cutting_in_line, layout_geoelf_diagonals,
          minmay_elf_crystal_heptagon
Elf:2:    elven_hall_of_blades_hangedman_alternative [mumra_blade_entry_dagger],
          layout_geoelf_octagon, abandoned_shop, minivault_16,
          nicolae_danse_macabre
Elf:3:    minmay_elf_hall_spiked, layout_loops_ring, basic_altar
Vaults:1: mu_enter_wizlab_6, nicolae_vaults_stairing_the_circle,
          vaults_room_corners, v_rooms_5, nicolae_vaults_big_angled_halls,
          nicolae_vaults_little_squares_5, vaults_room_ringed_pool,
          hangedman_vaults_nails, ontoclasm_vaults_loading_screen, v_misc_11,
          vaults_dpeg_encased_lava, layout_vaults_big_room
Vaults:2: gammafunk_ghost_ooze, nicolae_vaults_little_squares_5,
          nicolae_vaults_network_star, hangedman_vaults_pinch, v_misc_10,
          kennysheep_vaults_gozag_temple, v_misc_1,
          nicolae_vaults_network_barrier, vaults_standard_mumra_x,
          vaults_room_mumra_shop_pool, layout_vaults_omnibox
Vaults:3: ontoclasm_vaults_pinch, vaults_mumra_chevron_long,
          minmay_crypt_entry_necro_gods, v_misc_33, v_misc_5,
          hangedman_vaults_river_flow, st_spiral_rooms, vaults_dpeg_ring,
          hangedman_vaults_stretched_pinwheel, hangedman_vaults_stitches,
          nicolae_vaults_little_squares_1, hangedman_vaults_slice,
          grunt_vaults_hallway_short, layout_vaults_maze_bifur, serial_shops,
          shop
Vaults:4: hangedman_vaults_variations, vaults_mumra_hex, vaults_room_corners,
          v_misc_10, nicolae_vaults_angled_halls,
          nicolae_vaults_little_squares_1, hangedman_vaults_slice,
          hangedman_vaults_hat, ontoclasm_vaults_loading_screen,
          nicolae_vaults_asterisk, vaults_dpeg_spiral,
          nicolae_vaults_back_hallway, nicolae_vaults_specimen_jars,
          nicolae_vaults_display_case, layout_vaults_omnicross, serial_shops,
          shop, nicolae_shop_behind_doors
Vaults:5: uniq_sojobo
Crypt:1:  layout_misc_corridors, uniq_xtahua
Crypt:2:  layout_chaotic_city, nicolae_crypt_stairs_room
Crypt:3:  david_glass_crypt, layout_chaotic_city, tomb_entry_forgotten_bobbens,
          minivault_23
Depths:1: layout_gridlike, abandoned_shop, hangedman_geh_valley,
          pandoras_box_mu, firewood_loft, uniq_asterion
Depths:2: minmay_guarded_unrand_majin_bo, layout_basic, lightli_too_deep,
          abyss_entry_crystal, serial_shops, shop, rand_demon_pan_entry_8,
          minmay_misc_feat_chi
Depths:3: minmay_box_of_statues, layout_twisted_cross, enter_ziggurat_c,
          serial_shops, nicolae_diamond_shop, nicolae_shop_bloodbath_and_beyond,
          hell_entry, abyss_entry, infiniplex_staircase_pillars_3a
Depths:4: grunt_zot_entry_bicorn, layout_gridville, grunt_hell_entry_dis_grunt,
          grunt_decor_arrowhead, hangedman_decor_lopped
Zot:1:    layout_gridville
Zot:2:    layout_twisted_circle
Zot:3:    hellmonk_paralyzer, layout_twisted_circle, nicolae_diode_basic,
          uniq_grunn
Zot:4:    layout_onion, nicolae_shop_clearance
Zot:5:    layout_basic

Skill      XL: |  1  2  3  4  5  6  7  8  9 10 11 12 13 14 15 16 17 18 19 20 21 22 23 24 25 |
---------------+----------------------------------------------------------------------------+-----
Spellcasting   | 3 4 5 6 7 8 9 10 11 12 13 14 15 | 15.0
Fighting       | 1 2 3 4 5 6 7 8 9 10 11 12 14 15 17 18 19 20 | 20.9
Stealth        | 2 3 4 |  4.0
Dodging        | 2 3 5 6 8 9 10 11 12 13 | 13.2
Necromancy     | 5 6 7 8 9 10 12 13 14 17 18 19 20 21 | 21.8
Axes           | 1 2 3 4 5 6 7 8 |  8.0
Evocations     | 1 2 3 4 5 6 7 8 9 10 11 12 | 12.0
Throwing       | 2 3 4 5 6 |  6.0
Shields        | 2 3 4 6 9 11 12 13 | 13.0
Hexes          | 2 5 6 8 |  8.0
Earth Magic    | 2 5 6 |  6.0
Armour         | 2 4 5 6 10 11 | 11.5
Ice Magic      | 1 4 6 |  6.0
Summonings     | 1 4 6 7 8 9 10 | 10.0
Translocations | 1 3 4 |  4.0
Maces & Flails | 4 7 10 | 10.9

Action                   |  1- 3 |  4- 6 |  7- 9 | 10-12 | 13-15 | 16-18 | 19-21 | 22-24 | 25-27 || total
-------------------------+-------+-------+-------+-------+-------+-------+-------+-------+-------++-------
Melee: Hand axe          |    83 |   169 |   336 |   466 |   256 |       |       |       |       ||  1310
       Punch             |       |     2 |     4 |     4 |       |       |       |       |       ||    10
       War axe           |       |       |       |       |   370 |   434 |   383 |       |       ||  1187
       Demon whip        |       |       |       |       |       |       |   101 |   364 |    88 ||   553
Throw: Boomerang         |       |       |     4 |    29 |       |       |       |       |     1 ||    34
       Dart              |       |       |     6 |     4 |       |       |       |       |       ||    10
 Cast: Necrotise         |    12 |     2 |     7 |     2 |       |       |       |       |       ||    23
       Vampiric Draining |     1 |     8 |    39 |    49 |    11 |     7 |    12 |    12 |     3 ||   142
       Anguish           |       |       |       |    40 |   164 |   171 |   143 |   154 |    14 ||   686
       Cigotuvi's Dreadf |       |       |       |     2 |     3 |     3 |       |       |       ||     8
       Animate Dead      |       |       |       |     4 |    19 |    23 |    20 |    13 |       ||    79
       Borgnjor's Vile C |       |       |       |    27 |    50 |    69 |   108 |   131 |    34 ||   419
       Death Channel     |       |       |       |       |    25 |    43 |    50 |    37 |     2 ||   157
       Slow              |       |       |       |       |       |     1 |       |       |       ||     1
       Haunt             |       |       |       |       |       |     1 |     3 |    27 |    14 ||    45
       Infestation       |       |       |       |       |       |       |     3 |    33 |     2 ||    38
       Dispel Undead     |       |       |       |       |       |       |   108 |    41 |       ||   149
       Simulacrum        |       |       |       |       |       |       |       |    15 |     1 ||    16
       Blink             |       |       |       |       |       |       |       |     1 |       ||     1
Invok: Unearth Wretches  |       |       |       |       |    17 |    32 |    16 |    22 |     1 ||    88
       Receive Forbidden |       |       |       |       |     1 |       |       |       |       ||     1
 Abil: Evoke Invisibilit |       |       |       |       |     1 |       |       |     1 |     1 ||     3
Evoke: Wand              |       |       |     1 |    25 |     2 |     7 |       |     3 |     7 ||    45
       Phantom mirror    |       |       |       |       |     1 |     6 |     1 |     3 |       ||    11
       Box of beasts     |       |       |       |       |       |     4 |     1 |     4 |       ||     9
       Condenser vane    |       |       |       |       |       |     1 |     1 |     4 |     1 ||     7
  Use: Scroll            |     1 |     2 |     8 |     3 |     9 |     3 |    10 |    29 |     7 ||    72
 Stab: Sleeping          |     8 |     5 |     2 |     3 |     3 |     2 |     3 |       |       ||    26
       Distracted        |       |     1 |       |     5 |    14 |    19 |    10 |     8 |     1 ||    58
       Petrified         |       |       |       |     4 |     1 |       |       |       |       ||     5
       Paralysed         |       |       |       |       |    18 |    41 |     8 |     7 |       ||    74
Armor: Robe              |    30 |     4 |       |       |       |       |       |       |       ||    34
       Leather armour    |       |    76 |   228 |   249 |   439 |   304 |   173 |   102 |    46 ||  1617
Dodge: Dodged            |    60 |   119 |   326 |   319 |   551 |   389 |   338 |   224 |    56 ||  2382
Block: Buckler           |       |       |       |   119 |   327 |   206 |    24 |       |       ||   676
       Kite shield       |       |       |       |       |       |       |   547 |   341 |   114 ||  1002
       Reflection        |       |       |       |       |       |       |    41 |    30 |     1 ||    72

Table legend: (Time is in decaauts)
 A = Elapsed time spent in this place.
 B = Non-inter-level travel time spent in this place.
 C = Inter-level travel time spent in this place.
 D = Time resting spent in this place.
 E = Time spent auto-exploring this place.
 F = Levels seen in this place.
 G = Mean time per level.
                   A        B        C        D        E       F      G
               +--------+--------+--------+--------+--------+-----+--------+
         Total |  66098 |  59210 |   6888 |   7938 |  35455 |  54 | 1224.0 |
       Dungeon |  18339 |  15472 |   2867 |   1125 |  10975 |  15 | 1222.6 |
        Temple |    155 |    145 |     10 |      0 |    139 |   1 |  155.0 |
          Lair |   8562 |   7569 |    993 |    625 |   5611 |   5 | 1712.4 |
         Swamp |   4031 |   3761 |    270 |    674 |   2131 |   4 | 1007.8 |
   Spider Nest |   5987 |   5806 |    181 |   1117 |   3515 |   4 | 1496.8 |
  Orcish Mines |   2652 |   2185 |    467 |    228 |   1481 |   2 | 1326.0 |
   Elven Halls |   4493 |   3889 |    604 |    634 |   2268 |   3 | 1497.7 |
        Vaults |   9705 |   8923 |    782 |    691 |   5433 |   5 | 1941.0 |
         Crypt |   2758 |   2570 |    188 |    226 |   1148 |   3 |  919.3 |
        Depths |   4351 |   3936 |    415 |    374 |   2171 |   4 | 1087.8 |
           Zot |   2090 |   1981 |    109 |    740 |      0 |   5 |  418.0 |
        Bailey |    213 |    213 |      0 |      0 |     88 |   1 |  213.0 |
      Ice Cave |   1644 |   1644 |      0 |   1072 |    182 |   1 | 1644.0 |
        Wizlab |   1113 |   1113 |      0 |    432 |    311 |   1 | 1113.0 |
               +--------+--------+--------+--------+--------+-----+--------+

Top non-repeatable levels by time:
Spider:1: 2418 daAuts
Vaults:2: 2286 daAuts
    D:15: 2084 daAuts
Vaults:4: 2062 daAuts
  Lair:2: 2029 daAuts
Vaults:1: 1953 daAuts
  Lair:5: 1907 daAuts
  Lair:1: 1883 daAuts
   Elf:2: 1865 daAuts
    D:11: 1802 daAuts
     D:9: 1768 daAuts
Vaults:3: 1722 daAuts
Spider:3: 1706 daAuts
Vaults:5: 1680 daAuts
   IceCv: 1644 daAuts
